 Dungeon Crawl Stone Soup version 0.29.0-4-gdea44cf6ec (webtiles) character file.

Game seed: 11942264871723965843

44 qw the Chopper (level 3, 0/20 (21) HPs)
             Began as a Tengu Warper on Aug 28, 2022.
             Succumbed to their own poison gas
             ... on level 1 of the Dungeon.
             The game lasted 00:00:06 (984 turns).

qw the Chopper (Tengu Warper)                        Turns: 984, Time: 00:00:07

HP:   0/20 (21)     AC:  3    Str: 13    XL:     3   Next: 62%
MP:   7/7           EV: 12    Int: 13    God:
Gold: 32            SH:  0    Dex: 13    Spells: 6/6 levels left

rFire   . . .      SeeInvis .   Y - +0 hand axe
rCold   . . .      Faith    .   (no shield)
rNeg    . . .      Spirit   .   b - +0 leather armour
rPois   .          Reflect  .   (helmet restricted)
rElec   .          Harm     .   (no cloak)
rCorr   .          Rampage  .   (no gloves)
Will    .....                   (boots unavailable)
Stlth   +.........              (no amulet)
HPRegen 0.06/turn               (no ring)
MPRegen 0.10/turn               (no ring)

@: lethally poisoned (0 -> -4), lightly drained
A: beak, talons 3
a: no special abilities


You were on level 1 of the Dungeon.
You visited 1 branch of the dungeon, and saw 1 of its levels.

You collected 32 gold pieces.


Innate Abilities, Weirdness & Mutations

You have a beak for a mouth.
You have claws for feet.


   Skills:
 - Level 2.0 Fighting
 + Level 4.3 Axes
 - Level 1.0 Throwing
 - Level 1.1 Armour
 - Level 2.1 Dodging
 - Level 2.0 Spellcasting
 - Level 2.4 Translocations


You had 6 spell levels left.
You didn't know any spells.
Your spell library contained the following spells:

 Spells                   Type           Power      Damage    Failure   Level
 Blink                    Tloc           14%        N/A       19%         2
 Gell's Gravitas          Tloc           7%         N/A       36%         3
 Lesser Beckoning         Tloc           7%         N/A       36%         3
 Teleport Other           Tloc           7%         N/A       36%         3
 Manifold Assault         Tloc           7%         N/A       98%         5

Inventory:

Hand Weapons
 i - a +0 whip
 Y - a +0 hand axe (weapon)
Armour
 b - a +0 leather armour (worn)
Potions
 d - a potion of ambrosia {unknown}
 e - a potion of brilliance {unknown}
 g - a potion of mutation {unknown}

Dungeon Overview and Level Annotations

Branches:
Dungeon (1/15)

Altars:


Message History

Done exploring.
974 ||| READING scroll labelled MIEDDA ARIA.
The air fills with toxic fumes!
As you read the scroll labelled MIEDDA ARIA, it crumbles to dust.
It was a scroll of poison.
Done exploring.
975 ||| READING scroll labelled JUGAL ATAK.
As you read the scroll labelled JUGAL ATAK, it crumbles to dust.
You hear a loud clanging noise!
It was a scroll of noise.
Done exploring.
976 ||| READING scroll labelled PUREHO XEMA.
As you read the scroll labelled PUREHO XEMA, it crumbles to dust.
It is a scroll of identify.
Really abort (and waste the scroll)?
Done exploring.
977 ||| DROPPING scroll of blinking.
You drop a scroll of blinking.
Done exploring.
(D) Dungeon
Where to? (* - list waypoints, ? - help)
What level of the Dungeon? (default 1, ? - help) Sorry, I don't know how to get there.
Done exploring.
978 ||| Stepping randomly (stuck).
Really walk into that cloud of poison gas?
You are engulfed in poison gas.
You are poisoned.
You feel very sick.
979 ||| Stepping ~*~*~tactically~*~*~ (cloud).
You feel very sick.
You see here a scroll of blinking.
There is a lethal amount of poison in your body!
You feel sick.
There is a lethal amount of poison in your body!
You feel sick.
There is a lethal amount of poison in your body!
You feel sick.
There is a lethal amount of poison in your body!
You feel sick.
There is a lethal amount of poison in your body!
You die...

# ##########..##########
###...##.......%.......#
.........P7P¤¤¤%7...¤00##
.....[...PPPP0.P77P00¤0.#
####.##..0P7P¤¤0P770¤0#.####
#.#...P0P0¤00¤PP.000....#
#.#.P700000000¤¤00##.##.#
#...PP7PP¤¤¤¤00¤00##.##.#####
##..PPP7P¤¤00@.##...........#
#...P77P0P¤00###.##.##.###.#
##...P0P¤000## #.##..#.# #.#
##..0PP¤0¤## #.......# #.#
#..PP¤¤¤¤# #####.### #.#
##.0P00#¤# #.# #.# ##¤0¤.#.#
#.# #.# ######.# #.#####.#
#### #.# #.).....#


There were no monsters in sight!

Vanquished Creatures
  A gnoll (D:1)
  2 endoplasms (D:1)
  2 giant cockroaches (D:1)
  2 hobgoblins (D:1)
  4 jackals (D:1)
  2 kobolds (D:1)
  3 ball pythons (D:1)
  4 bats (D:1)
  3 frilled lizards (D:1)
  3 goblins (D:1)
  9 rats (D:1)
35 creatures vanquished.

Vanquished Creatures (others)
  2 plants (D:1)
2 creatures vanquished.

Grand Total: 37 creatures vanquished

Notes
Turn   | Place    | Note
-------+----------+-------------------------------------------
     0 | D:1      | qw the Tengu Warper began the quest for the Orb.
     0 | D:1      | Reached XP level 1. HP: 12/12 MP: 4/4
     0 | D:1      | 0 ||| qw: Version: 0.1-a-89-g26bdef1
     0 | D:1      | 0 ||| qw: Game counter: 1563
     0 | D:1      | 0 ||| qw: Always use a shield: true
     0 | D:1      | 0 ||| qw: God list: Okawaru
     0 | D:1      | 0 ||| qw: Allow faded altars: false
     0 | D:1      | 0 ||| qw: Do Orc after D:15 true
     0 | D:1      | 0 ||| qw: Do second Lair branch before Depths: true
     0 | D:1      | 0 ||| qw: Lair rune preference: random
     0 | D:1      | 0 ||| qw: Plans: Normal
     0 | D:1      | 0 ||| PLANNING D:1-11
     4 | D:1      | 4 ||| Stepping ~*~*~tactically~*~*~ (stealth).
    60 | D:1      | Reached skill level 3 in Axes
    60 | D:1      | Reached XP level 2. HP: 17/17 MP: 6/6
   579 | D:1      | Reached XP level 3. HP: 18/21 MP: 7/7
   651 | D:1      | 651 ||| Stepping ~*~*~tactically~*~*~ (stealth).
   655 | D:1      | Reached skill level 4 in Axes
   689 | D:1      | 689 ||| DROPPING +0 club.
   974 | D:1      | 974 ||| READING scroll labelled MIEDDA ARIA.
   975 | D:1      | 975 ||| READING scroll labelled JUGAL ATAK.
   976 | D:1      | 976 ||| READING scroll labelled PUREHO XEMA.
   977 | D:1      | 977 ||| DROPPING scroll of blinking.
   978 | D:1      | 978 ||| Stepping randomly (stuck).
   979 | D:1      | 979 ||| Stepping ~*~*~tactically~*~*~ (cloud).
   981 | D:1      | HP: 4/20 [poisoned by you (poison gas)]
   983 | D:1      | HP: 1/20 [poisoned by you (poison gas)]
   984 | D:1      | Succumbed to their own poison gas

Levels and vault maps discovered:
D:1:      spicycebolla_arrival_clurvy, layout_loops_ring

Skill      XL: |  1  2  3 |
---------------+----------+-----
Axes           | 3 4 |  4.3
Fighting       | |  2.0
Throwing       | |  1.0
Armour         | |  1.1
Dodging        | |  2.1
Spellcasting   | |  2.0
Translocations | |  2.4

Action                   || total
-------------------------++-------
Melee: Hand axe          ||    78
       Kick              ||    17
       Peck              ||     8
Throw: Boomerang         ||     7
  Use: Scroll            ||     3
Armor: Leather armour    ||    27
Dodge: Dodged            ||    47

Table legend:
 A = Non-vault XP
 B = Vault XP
 C = Vault XP percentage of total XP
 D = Non-vault monster count
 E = Vault monster count
 F = Vault count percentage of total count
                 A         B        C        D         E       F
            +---------+---------+-------+---------+---------+-------
      Total |      64 |       0 |   0.0 |      35 |       0 |   0.0
            +---------+---------+-------+---------+---------+-------
        D:1 |      64 |       0 |   0.0 |      35 |       0 |   0.0
            +---------+---------+-------+---------+---------+-------
